 Dungeon Crawl Stone Soup version 0.31.0-11-ge490571c62 (webtiles) character file.

Game seed: 1055634068167364883

74 Gadfly the Insei (level 4, 35/35 HPs)
             Began as a Demonspawn Monk on Feb 5, 2024.
             Quit the game on level 2 of the Dungeon.
             The game lasted 00:01:11 (1281 turns).

Gadfly the Insei (Demonspawn Monk)                  Turns: 1281, Time: 00:01:11

Health: 35/35      AC:  2    Str: 13    XL:     4   Next: 9%
Magic:  4/4        EV: 13    Int: 10    God:
Gold:   144        SH:  0    Dex: 16    Spells: 3/3 levels left

rFire   . . .        b - +1 whip (drain)
rCold   . . .        c - orb {light}
rNeg    . . .        a - +0 robe
rPois   .            (helmet restricted)
rElec   .            (no cloak)
rCorr   .            (no gloves)
SInv    .            (no boots)
Will    .....        (no amulet)
Stlth   +            (no ring)
HPRegen 0.25/turn    (no ring)
MPRegen 0.18/turn

%: no passive effects
@: glowing
A: antennae 1, magic regeneration
a: no special abilities


You were on level 2 of the Dungeon.
You visited 1 branch of the dungeon, and saw 2 of its levels.

You collected 144 gold pieces.

Inventory:

Hand Weapons
 b - a +1 whip of draining (weapon)
Armour
 a - a +0 robe (worn)
 c - an orb of light (worn)
Scrolls
 e - 3 scrolls of teleportation
Potions
 d - a potion of ambrosia
 f - a potion of berserk rage {unknown}


   Skills:
 - Level 3.0 Fighting
 + Level 3.0 Dodging
 * Level 3.3 Unarmed Combat
 * Level 1.7 Evocations
 * Level 1.4 Shapeshifting


You had 3 spell levels left.
You didn't know any spells.
Your spell library was empty.

Dungeon Overview and Level Annotations

Branches:
Dungeon (2/15)

Altars:


Innate Abilities, Weirdness & Mutations

You have a pair of small antennae on your head.
You regenerate magic rapidly.


Message History

No target in view!
No target in view!
No target in view!
No target in view!
No target in view!
No target in view!
No target in view!
No target in view!
f - an orange potion A hobgoblin comes into view.
The hobgoblin shouts!
A hobgoblin is nearby!
A hobgoblin is nearby!
The hobgoblin misses you.
You completely miss the hobgoblin. The hobgoblin hits you.
You hit the hobgoblin. You drain the hobgoblin.
You kill the hobgoblin!
No target in view!
No target in view!
No target in view!
No target in view!
No target in view!
No target in view!
No target in view!
No target in view!
No target in view!
You now have 144 gold pieces (gained 13).
e - 3 scrolls of teleportation (gained 1)
An adder comes into view.
The adder hisses angrily.
An adder is nearby!
An adder is nearby!
You hit the adder. You drain the adder.
You kill the adder!
You have reached level 4!
You feel agile.
Your demonic ancestry asserts itself...
Your magic begins to regenerate rapidly.
Are you sure you want to abandon this character and quit the game? (Confirm with "yes".)
Okay, then.
Are you sure you want to abandon this character and quit the game? (Confirm with "yes".)

#...........#.....##
#......###..#..#..#
#####..########..##
#...........##
##.########## #.#
##.# #########..#
.......@...#
#########.## #.# #.#
#.# #.# #.# .#


There were no monsters in sight!

Vanquished Creatures
  2 adders (D:2)
  3 dart slugs (D:1)
  A ribbon worm (D:2)
  2 ball pythons
  3 endoplasms
  2 giant cockroaches (D:1)
  4 goblins (D:1)
  6 hobgoblins
  4 jackals (D:2)
  3 quokkas
  5 bats
  2 frilled lizards (D:1)
  4 kobolds
  A rat (D:1)
42 creatures vanquished.

Notes
Turn   | Place    | Note
-------+----------+-------------------------------------------
     0 | D:1      | Gadfly the Demonspawn Monk began the quest for the Orb.
     0 | D:1      | Reached XP level 1. HP: 18/18 MP: 1/1
    62 | D:1      | Gained mutation: You have a pair of small antennae on your
                  | head. [demonic ancestry]
    62 | D:1      | Reached XP level 2. HP: 24/24 MP: 2/2
   341 | D:1      | Reached skill level 1 in Evocations
   472 | D:1      | Reached skill level 1 in Shapeshifting
   472 | D:1      | Reached XP level 3. HP: 26/29 MP: 3/3
   959 | D:2      | Found a faded altar of an unknown god.
  1281 | D:2      | Gained mutation: You regenerate magic rapidly. [demonic
                  | ancestry]
  1281 | D:2      | Reached XP level 4. HP: 35/35 MP: 4/4
  1281 | D:2      | Quit the game

Illustrated notes

Levels and vault maps discovered:
D:1:      saegor_arrival_simple_e, layout_rooms
D:2:      layout_loops_ring, hellmonk_ecumenical_altar_crossroads, serial_shops,
          nicolae_shop_rolled_up, nicolae_titane, uniq_natasha

Skill      XL: |  1  2  3 |
---------------+----------+-----
Unarmed Combat | 3 |  3.3
Evocations     | 1 |  1.7
Shapeshifting  | 1 |  1.4
Dodging        | 3 |  3.0
Fighting       | |  3.0

Action                     |  1- 3 |  4- 6 || total
---------------------------+-------+-------++-------
  Melee: Unarmed           |   112 |       ||   112
         Whip              |    22 |       ||    22
    Use: Scroll            |     3 |       ||     3
 Armour: Robe              |    51 |       ||    51
  Dodge: Dodged            |    87 |       ||    87
